 Dungeon Crawl Stone Soup version 0.30-a0-777-ga9a30cbeda (webtiles) character file.

Game seed: 14293593237999545432

3479 themarg the Stinger (level 10, -7/66 HPs)
             Began as an Octopode Venom Mage on Feb 15, 2023.
             Was an Initiate of Gozag.
             Mangled by a yak (14 damage)
             ... on level 9 of the Dungeon.
             The game lasted 00:34:34 (12346 turns).

themarg the Stinger (Octopode Venom Mage)          Turns: 12346, Time: 00:34:35

Health: -7/66      AC:  1    Str:  7    XL:     10   Next: 7%
Magic:  17/17      EV: 14    Int: 22    God:    Gozag
Gold:   507        SH:  0    Dex: 13    Spells: 4/19 levels left

rFire   . . .      SeeInvis .    a - +2 dagger (drain)
rCold   . . .      Faith    .    (no shield)
rNeg    . . .      Spirit   .    (helmet restricted)
rPois   .          Reflect  .    u - amulet of the acrobat
rElec   .          Harm     .    (no ring)
rCorr   .          Rampage  .    (no ring)
Will    .....                    (no ring)
Stlth   +++                      (no ring)
HPRegen 0.31/turn                (no ring)
MPRegen 0.15/turn                (no ring)
                                 (no ring)
                                 (no ring)

@: no status effects
A: almost no armour, amphibious, 8 rings, camouflage 1, gelatinous body 1,
(nimble swimmer 1), tentacles
a: Renounce Religion, Potion Petition, Call Merchant, Bribe Branch


You were on level 9 of the Dungeon.
You worshipped Gozag.
Gozag was pleased with you.
You visited 2 branches of the dungeon, and saw 10 of its levels.

You collected 771 gold pieces.
You paid 264 gold pieces to Gozag.

Inventory:

Hand Weapons
 a - a +2 dagger of draining (weapon)
 b - a +4 mace of venom
Missiles
 e - 135 stones
 h - 6 poisoned darts
 p - 6 atropa-tipped darts
 z - 6 boomerangs
Jewellery
 u - an amulet of the acrobat (around mantle)
Wands
 n - a wand of digging (7)
 q - a wand of charming (17)
 y - a wand of mindburst (5)
 B - a wand of flame (31)
 G - a wand of iceblast (4)
 H - a wand of quicksilver (9)
Scrolls
 f - 3 scrolls of vulnerability
 g - a scroll of enchant weapon {unknown}
 i - 2 scrolls of noise
 k - 2 scrolls of blinking
 m - a scroll of teleportation {unknown}
 o - 4 scrolls of fog
 r - 4 scrolls of magic mapping
 s - 2 scrolls of fear {unknown}
 t - a scroll of torment {unknown}
 w - a scroll of enchant armour {unknown}
 C - a scroll of immolation {unknown}
Potions
 c - 5 potions of curing
 d - 2 potions of attraction
 j - 2 potions of heal wounds
 l - a potion of degeneration {unknown}
 x - 3 potions of ambrosia {unknown}
 A - 2 potions of might {unknown}
 D - a potion of flight {unknown}
 E - 2 potions of haste
 F - a potion of brilliance {unknown}
 I - a potion of magic


   Skills:
 - Level 5.0 Fighting
 - Level 2.0 Throwing
 - Level 5.0 Dodging
 - Level 3.1 Stealth
 + Level 5.3 Spellcasting
 + Level 6.3 Conjurations
 - Level 1.0 Transmutations
 + Level 6.3 Air Magic
 - Level 7.0 Poison Magic
 - Level 2.0 Evocations


You had 4 spell levels left.
You knew the following spells:

 Your Spells              Type           Power      Damage    Failure   Level
a - Sting                 Tmut/Pois      92%        1d7       1%          1
b - Poisonous Vapours     Pois/Air       70%        N/A       1%          2
c - Mephitic Cloud        Conj/Pois/Air  34%        N/A       1%          3
d - Olgreb's Toxic Radia  Pois           36%        N/A       5%          4
e - Lightning Bolt        Conj/Air       16%        1d30      21%         5

Your spell library contained the following spells:

 Spells                   Type           Power      Damage    Failure   Level
 Static Discharge         Conj/Air       66%        2-5/arc   1%          2
 Vhi's Electric Charge    Tloc/Air       38%        N/A       9%          3
 Apportation              Tloc           10%        N/A       10%         1
 Necrotise                Necr           20%        1d5       10%         1
 Slow                     Hex            20%        N/A       10%         1
 Summon Small Mammal      Summ           20%        N/A       10%         1
 Confusing Touch          Hex            5%         N/A       30%         3
 Vampiric Draining        Necr           5%         2d6       30%         3
 Arcjolt                  Conj/Air       16%        1d26      21%         5
 Alistair's Intoxication  Tmut/Pois      15%        N/A       47%         5
 Summon Forest            Summ/Tloc      2%         N/A       95%         5
 Eringya's Noxious Bog    Tmut/Pois      11%        N/A       96%         6
 Summon Hydra             Summ           2%         N/A       100%        7


Dungeon Overview and Level Annotations

Branches:
Dungeon (9/15)             Temple (1/1) D:6
   Lair: D:8-11         Orc: D:9-12

Altars:
Ashenzari
Cheibriados
Dithmenos
Elyvilon
Fedhas
Gozag
Hepliaklqana
Kikubaaqudgha
Makhleb
Nemelex Xobeh
Okawaru
Qazlal
Ru
Sif Muna
Uskayaw
Wu Jian
Xom
Yredelemnul
Zin
The Shining One

Shops:
D:3 (

Annotations:
Temple 2 transporters


Innate Abilities, Weirdness & Mutations

You cannot wear most types of armour.
You are amphibious.
You can wear up to eight rings at the same time.
Your skin changes colour to match your surroundings (Stealth+).
Your rubbery body absorbs attacks. (AC +1, EV +1)
((You are camouflaged when in or above water. (Stealth+)))
You have tentacles for arms and can constrict up to eight enemies at once.


Message History

The ball explodes into a vile cloud!
The stinking cloud engulfs the yak but does no damage.
The yak is heavily wounded.
The yak is engulfed in noxious fumes.
The yak appears confused.
You hit the yak.
The yak is severely wounded.
The yak is engulfed in noxious fumes.
You hit the yak but do no damage. You drain the yak.
The yak is severely wounded.
The yak is engulfed in noxious fumes.
The yak appears confused.
You hit the yak but do no damage.
The yak is severely wounded.
The yak gores you.
You hit the yak. You squeeze the yak, but do no damage.
The yak is almost dead.
You hit the yak.
The yak is almost dead.
You kill the yak!
You start resting.
Magic restored.
You start resting.
HP restored.
You now have 675 gold pieces (gained 18).
Done exploring.
There is a stone staircase leading down here.
You climb downwards.
The yak gores you. The yak gores you! x2
The bullfrog barely misses you. The yak gores you! x2
* * * LOW HITPOINT WARNING * * *
The yak completely misses you.
There is a stone staircase leading up, spattered with blood here. [a] - 168 gold - heal wounds and curing [b] - 105 gold - heal wounds [c] - 560 gold - haste and resistance Purchase which effect?
You feel much better.
You feel better. The bullfrog hits you. The yak gores you!
The bullfrog barely misses you. The yak gores you! x2
* * * LOW HITPOINT WARNING * * *
The yak gores you!
You die...
Your body crumbles into a pile of gold.

## ... .... .$...####
......YY#### #@...#
####### .
.>....FYY...........###.
#####..........#...(..Y.
#..$.......#.....YY.
#...............<.Y$
#...............?...
#..........#.$....#.
#..........####....
#####.


You could see 4 yaks and a bullfrog.

Vanquished Creatures
  A yak (D:8)
  Eustachio (D:4)
  A basilisk (D:8)
  A steam dragon (D:8)
  A water moccasin (D:6)
  An orc warrior (D:9)
  3 ice beasts
  3 sky beasts
  2 black bears
  2 ogres
  2 centaurs
  A phantom (D:5)
  2 necrophages
  2 bullfrogs (D:8)
  2 scorpions
  5 wights
  2 howler monkeys
  4 hounds
  5 orc priests
  A gnoll bouda (D:7)
  2 jellies (D:6)
  8 orc wizards
  Ijyb (D:5)
  Robin (D:4)
  9 gnolls
  6 adders
  A white imp (D:6)
  2 worms
  2 dart slugs (D:4)
  32 orcs
  3 ball pythons
  4 bats
  3 endoplasms
  3 giant cockroaches
  15 goblins
  14 hobgoblins
  6 jackals
  10 quokkas
  2 frilled lizards
  10 kobolds
  3 rats
179 creatures vanquished.

Vanquished Creatures (others)
  15 plants (D:4)
15 creatures vanquished.

Grand Total: 194 creatures vanquished

Notes
Turn   | Place    | Note
-------+----------+-------------------------------------------
     0 | D:1      | themarg the Octopode Venom Mage began the quest for the
                  | Orb.
     0 | D:1      | Reached XP level 1. HP: 11/11 MP: 3/3
   409 | D:1      | Reached XP level 2. HP: 17/17 MP: 3/5
   412 | D:1      | Learned a level 2 spell: Poisonous Vapours
   864 | D:1      | Reached skill level 1 in Air Magic
   864 | D:1      | Reached skill level 4 in Poison Magic
   957 | D:1      | Found a faded altar of an unknown god.
   986 | D:1      | Reached XP level 3. HP: 21/21 MP: 0/6
  1792 | D:2      | Reached XP level 4. HP: 27/27 MP: 0/8
  1901 | D:2      | Learned a level 3 spell: Mephitic Cloud
  1944 | D:2      | You fall into a shaft and drop 1 floor!
  1973 | D:3      | Reached skill level 1 in Conjurations
  2848 | D:2      | Identified the +1 dagger "Suloafek" {elec, *Corrode rElec
                  | rN+++ Int-3}
  3104 | D:3      | Found Viaxuem's Antique Weapon Boutique.
  3560 | D:3      | Reached XP level 5. HP: 31/31 MP: 6/9
  4303 | D:4      | Noticed Robin
  4333 | D:4      | Killed Robin
  4447 | D:4      | Reached XP level 6. HP: 37/37 MP: 2/10
  4575 | D:4      | Reached skill level 1 in Fighting
  4624 | D:4      | Noticed a sky beast
  5448 | D:4      | Noticed Eustachio
  5458 | D:4      | Killed Eustachio
  5459 | D:4      | Reached XP level 7. HP: 34/45 MP: 6/11
  6066 | D:5      | Entered Level 5 of the Dungeon
  6099 | D:5      | Reached skill level 5 in Poison Magic
  6221 | D:5      | Noticed Ijyb
  6232 | D:5      | Killed Ijyb
  6377 | D:5      | Reached XP level 8. HP: 40/51 MP: 12/14
  6668 | D:5      | Reached skill level 5 in Dodging
  6898 | D:5      | Reached skill level 6 in Poison Magic
  6992 | D:5      | Learned a level 4 spell: Olgreb's Toxic Radiance
  7047 | D:5      | Found an iron altar of Okawaru.
  7756 | D:6      | Reached skill level 7 in Poison Magic
  8026 | D:6      | Reached skill level 1 in Throwing
  8636 | D:6      | Reached XP level 9. HP: 47/59 MP: 15/15
  8911 | D:6      | Found a staircase to the Ecumenical Temple.
  8920 | Temple   | Entered the Ecumenical Temple
  8920 | Temple   | Found a transporter.
  8920 | Temple   | Found a transporter.
  8922 | Temple   | Found a transporter.
  8922 | Temple   | Found a transporter.
  8942 | Temple   | Became a worshipper of Gozag Ym Sagoz the Greedy
  9164 | D:7      | Reached skill level 5 in Fighting
  9775 | D:7      | Reached skill level 5 in Air Magic
 11134 | D:8      | Reached skill level 5 in Conjurations
 11169 | D:8      | Reached skill level 5 in Spellcasting
 11169 | D:8      | Reached skill level 1 in Evocations
 11998 | D:9      | Noticed a two-headed ogre
 12157 | D:8      | Learned a level 5 spell: Lightning Bolt
 12165 | D:9      | Reached XP level 10. HP: 58/66 MP: 8/17
 12346 | D:9      | Mangled by a yak

Illustrated notes

Levels and vault maps discovered:
D:1:      psy_arrival_radial02, layout_basic,
          shapermc_ecumenical_altar_mp_ritualfount
D:2:      layout_basic
D:3:      cheibrodos_helix_gallery, layout_basic, serial_shops,
          nicolae_shop_waterfront, serial_rivers,
          chequers_serial_rivers_small_b, chequers_serial_rivers_marsh,
          chequers_serial_rivers_micro_c, chequers_serial_rivers_micro_d,
          chequers_serial_rivers_micro_d, chequers_serial_rivers_room_a
D:4:      layout_gridville, nicolae_grassy_gnolls, uniq_eustachio, uniq_robin
D:5:      layout_gridville, okawaru_altar_gauntlet_db,
          chequers_serial_rivers_large_a, uniq_ijyb
D:6:      nicolae_cairo_tiling_very_big, layout_cave_pools, temple_hall
D:7:      layout_loops_ring
D:8:      layout_gridville
D:9:      layout_rooms, mainiacjoe_overflow_catwalk
Temple:   hellmonk_temple_divided_pantheon

Skill      XL: |  1  2  3  4  5  6  7  8  9 |
---------------+----------------------------+-----
Stealth        | 3 |  3.1
Air Magic      | 1 2 3 4 6 |  6.3
Poison Magic   | 4 5 7 |  7.0
Conjurations   | 2 3 4 6 |  6.3
Spellcasting   | 3 4 5 |  5.3
Fighting       | 2 3 4 5 |  5.0
Dodging        | 3 4 5 |  5.0
Throwing       | 2 |  2.0
Evocations     | 2 |  2.0
Transmutations | |  1.0

Action                     |  1- 3 |  4- 6 |  7- 9 | 10-12 || total
---------------------------+-------+-------+-------+-------++-------
  Melee: Unarmed           |     9 |       |       |       ||     9
         Constrict         |    12 |    18 |    37 |       ||    67
         Tentacles         |     7 |    12 |    55 |     2 ||    76
         Dagger            |    32 |       |    67 |     7 ||   106
         Short sword       |       |    78 |   133 |       ||   211
         Punch             |       |       |     4 |       ||     4
   Cast: Sting             |    16 |    10 |    10 |       ||    36
         Poisonous Vapours |    31 |    64 |    76 |     2 ||   173
         Mephitic Cloud    |       |     5 |    25 |     1 ||    31
         Olgreb's Toxic Ra |       |       |    11 |     2 ||    13
 Invoke: Potion Petition   |       |       |       |     1 ||     1
  Evoke: Wand              |       |       |    27 |     2 ||    29
    Use: Scroll            |       |     6 |     5 |       ||    11
   Stab: Sleeping          |       |     1 |     2 |     1 ||     4
         Confused          |       |     1 |     8 |       ||     9
 Armour: Skin              |     8 |     2 |     8 |       ||    18
  Dodge: Dodged            |    23 |    52 |   122 |     7 ||   204

Table legend: (Time is in decaauts)
 A = Elapsed time spent in this place.
 B = Non-inter-level travel time spent in this place.
 C = Inter-level travel time spent in this place.
 D = Time resting spent in this place.
 E = Time spent auto-exploring this place.
 F = Levels seen in this place.
 G = Mean time per level.
                   A        B        C        D        E       F      G
               +--------+--------+--------+--------+--------+-----+--------+
         Total |  12351 |  11867 |    484 |   1986 |   8177 |  10 | 1235.1 |
       Dungeon |  12313 |  11838 |    475 |   1986 |   8175 |   9 | 1368.1 |
        Temple |     38 |     29 |      9 |      0 |      2 |   1 |   38.0 |
               +--------+--------+--------+--------+--------+-----+--------+

Top non-repeatable levels by time:
     D:4: 1875 daAuts
     D:5: 1855 daAuts
     D:7: 1729 daAuts
     D:3: 1660 daAuts
     D:8: 1569 daAuts
     D:1: 1465 daAuts
     D:2: 1118 daAuts
     D:6: 1014 daAuts
  Temple: 38 daAuts
     D:9: 23 daAuts
